 Dungeon Crawl Stone Soup version 0.27-a0-1196-g3e9cee4cb2 (webtiles) character file.

Game seed: 12406205943764907932

1804 avis the Reanimator (level 8, -2/64 HPs)
             Began as a Deep Dwarf Necromancer on May 28, 2021.
             Was an Initiate of Makhleb.
             Slain by a troll (9 damage)
             ... on level 7 of the Dungeon.
             The game lasted 00:46:58 (7400 turns).

avis the Reanimator (Deep Dwarf Necromancer)        Turns: 7400, Time: 00:46:59

Health: -2/64      AC:  5    Str: 12    XL:     8   Next: 83%
Magic:  3/11       EV: 11    Int: 18    God:    Makhleb [......]
Gold:   245        SH:  0    Dex: 17    Spells: 7/11 levels left

rFire    . . .     SeeInvis .   a - +6 hand axe "Jelly's Bane" {flame, Dex+4}
rCold    . . .     Faith    .   (no shield)
rNeg     . . .     Spirit   .   u - +0 ring mail
rPois    +         Reflect  .   (no helmet)
rElec    .         Harm     .   (no cloak)
rCorr    .         Rampage  .   (no gloves)
Will     +....                  (no boots)
Stlth    ++........             (no amulet)
HPRegen  0.00/turn              g - ring of poison resistance
MPRegen  0.12/turn              (no ring)

@: no status effects
A: damage resistance, heal wounds, sense surroundings 1, no regeneration
a: Heal Wounds, Renounce Religion


You were on level 7 of the Dungeon.
You worshipped Makhleb.
Makhleb was noncommittal.
You visited 2 branches of the dungeon, and saw 8 of its levels.

You collected 445 gold pieces.
You spent 200 gold pieces at shops.

Inventory:

Hand Weapons
 a - the +6 hand axe "Jelly's Bane" (weapon) {flame, Dex+4}
   (You bought it in a shop on level 3 of the Dungeon)

   It has been specially enchanted to burn those struck by it, causing extra
   injury to most foes and up to half again as much damage against particularly
   susceptible opponents.
   Big, fiery blades are also staple armaments of hydra-hunters.
   It affects your dexterity (+4).
 b - a +3 flail of protection
Missiles
 d - 24 bolts
 l - 8 atropa-tipped darts
 v - 6 boomerangs
 F - 3 poisoned darts
Armour
 e - a +0 scale mail
 u - a +0 ring mail (worn)
 I - a +0 chain mail
Magical Staves
 C - a staff of cold
Jewellery
 g - a ring of poison resistance (left hand)
 D - a +6 ring of dexterity
Wands
 m - a wand of flame (15)
 n - a wand of digging (6)
Scrolls
 c - 3 scrolls of teleportation {unknown}
 f - 6 scrolls of vulnerability {unknown}
 i - 2 scrolls of noise {unknown}
 k - 2 scrolls of enchant armour {unknown}
 r - a scroll of fog {unknown}
 x - a scroll of magic mapping {unknown}
 A - a scroll of enchant weapon {unknown}
 J - a scroll of amnesia {unknown}
Potions
 j - 4 potions of curing
 p - a potion of resistance
 s - a potion of haste
 t - a potion of heal wounds
 B - 2 potions of might
 E - a potion of brilliance {unknown}


   Skills:
 - Level 1.0 Fighting
 + Level 7.2 Axes
 - Level 3.0 Dodging
 - Level 3.0 Stealth
 - Level 2.0 Spellcasting
 + Level 9.6 Necromancy
 + Level 5.1 Evocations


You had 7 spell levels left.
You knew the following spells:

 Your Spells              Type           Power      Damage    Failure   Level
a - Pain                  Necr           100%       1d9       1%          1
d - Vampiric Draining     Necr           18%        2d8       2%          3

Your spell library contained the following spells:

 Spells                   Type           Power      Damage    Failure   Level
 Animate Skeleton         Necr           72%        N/A       1%          1
 Animate Dead             Necr           18%        N/A       8%          4
 Agony                    Necr           36%        N/A       22%         5
 Beastly Appendage        Tmut           2%         N/A       38%         1
 Corona                   Hex            1%         N/A       38%         1
 Slow                     Hex            1%         N/A       52%         2
 Wereblood                Tmut           1%         N/A       52%         2
 Inner Flame              Hex/Fire       1%         N/A       77%         3
 Portal Projectile        Hex/Tloc       2%         N/A       77%         3
 Spider Form              Tmut/Pois      0%         N/A       77%         3
 Animate Armour           Summ/Erth      2%         N/A       99%         4
 Cause Fear               Hex            0%         N/A       99%         4
 Ice Form                 Ice/Tmut       1%         N/A       99%         4
 Leda's Liquefaction      Hex/Erth       0%         N/A       99%         4
 Bolt of Magma            Conj/Fire/Erth 0%         4d4       100%        5
 Hydra Form               Tmut           0%         N/A       100%        5
 Iron Shot                Conj/Erth      0%         9d1       100%        6
 Statue Form              Tmut/Erth      0%         N/A       100%        6
 Shatter                  Erth           0%         3d5*      100%        9


Dungeon Overview and Level Annotations

Branches:
Dungeon (7/15)             Temple (1/1) D:6

Altars:
Elyvilon
Hepliaklqana
Kikubaaqudgha
Makhleb
Nemelex Xobeh
Okawaru
Qazlal
Ru
Sif Muna
Trog
Vehumet
Wu Jian
Xom
Yredelemnul
Zin
The Shining One

Shops:
D:3 !=(

Annotations:
D:3 3 runed translucent doors, hgbash's ghost, amateur DsBe
D:4 1 runed translucent door, noodleboyJ's ghost, novice DrHu
D:5 1 runed translucent door, FizzleBang's ghost, novice GnWn


Innate Abilities, Weirdness & Mutations

You are resistant to damage.
You can heal yourself by infusing magical energy.
You passively map a small area around you.
You do not regenerate.


Message History

* * * LOW HITPOINT WARNING * * *
The troll completely misses you.
Casting: Vampiric Draining (dangerous; 2% risk of failure)
Confirm with . or Enter, or press ? or * to list all spells.
Aiming: Vampiric Draining (dangerous; 2% risk of failure)
Press: ? - help, Shift-Dir - straight line, f/p - troll
Aim: a troll (moderately wounded)
You draw life force from the troll.
You feel life coursing into your body. The troll barely misses you.
The troll claws you!
* * * LOW HITPOINT WARNING * * *
The troll barely misses you.
You feel much better. The troll closely misses you. The troll claws you!
* * * LOW HITPOINT WARNING * * *
The troll barely misses you.
Casting: Vampiric Draining (dangerous; 2% risk of failure)
Confirm with . or Enter, or press ? or * to list all spells.
Aiming: Vampiric Draining (dangerous; 2% risk of failure)
Press: ? - help, Shift-Dir - straight line, f/p - troll
Aim: a troll (moderately wounded)
You draw life force from the troll.
You feel life coursing into your body. The troll bites you.
The troll claws you but does no damage. The troll claws you.
* * * LOW HITPOINT WARNING * * *
You closely miss the troll.
The troll is moderately wounded.
The troll closely misses you. x2; The troll barely misses you.
You hit the troll. You burn the troll.
The troll is heavily wounded.
The troll misses you. The troll barely misses you.
The troll closely misses you.
You barely miss the troll.
The troll is heavily wounded.
The troll bites you. The troll completely misses you. The troll claws you!
* * * LOW HITPOINT WARNING * * *
You closely miss the troll.
The troll is heavily wounded.
The troll bites you.
* * * LOW HITPOINT WARNING * * *
The troll claws you!
You die...

* * , *
###*####.,, ,
#........ * ,
#.#...## * * .
* #.T....# *
....#####@#...#
.......<...#
....#####.## .
,, ### , * + *
,, , * , * ,, ,
,


You could see a troll.

Vanquished Creatures
  Prince Ribbit (Temple)
  Edmund (D:6)
  A water moccasin (D:5)
  A sky beast (D:5)
  A black bear (D:5)
  An ogre (D:6)
  A phantom (D:6)
  A kobold brigand (Temple)
  4 scorpions
  A water moccasin skeleton (D:6)
  A bullfrog zombie (D:5)
  2 jellies
  2 hounds
  A bullfrog skeleton (D:5)
  A gnoll shaman (D:5)
  3 orc priests
  A centaur skeleton (D:5)
  3 iguanas
  2 orc wizards
  3 gnolls (D:5)
  4 adders
  A white imp (D:5)
  4 ufetubi
  2 worms
  A dart slug (D:3)
  23 orcs
  3 endoplasms
  6 giant cockroaches
  6 goblins
  8 hobgoblins
  11 jackals
  3 quokkas
  9 ball pythons
  7 bats
  5 frilled lizards
  11 kobolds
  3 rats
139 creatures vanquished.

Notes
Turn   | Place    | Note
-------+----------+-------------------------------------------
     0 | D:1      | avis the Deep Dwarf Necromancer began the quest for the
                  | Orb.
     0 | D:1      | Reached XP level 1. HP: 15/15 MP: 3/3
   152 | D:1      | Reached XP level 2. HP: 22/22 MP: 1/5
   311 | D:1      | Reached skill level 5 in Necromancy
   421 | D:1      | Found an ancient bone altar of Kikubaaqudgha.
   498 | D:1      | You fall into a shaft and drop 1 floor!
  1222 | D:2      | Reached XP level 3. HP: 25/28 MP: 3/6
  1251 | D:2      | Learned a level 3 spell: Vampiric Draining
  1881 | D:2      | Reached XP level 4. HP: 16/36 MP: 1/7
  2021 | D:2      | Reached skill level 6 in Necromancy
  2183 | D:2      | Found a faded altar of an unknown god.
  2569 | D:3      | Noticed hgbash's ghost (amateur DsBe)
  2617 | D:3      | Found Seavuxto's Antique Weapon Shop.
  2861 | D:3      | Found Ceagh's Jewellery Shop.
  3142 | D:3      | Noticed a scorpion
  3143 | D:3      | Found a runed translucent gate.
  3143 | D:3      | Found a runed translucent gate.
  3148 | D:3      | Killed a scorpion
  3149 | D:3      | Reached XP level 5. HP: 42/42 MP: 3/8
  3192 | D:3      | Found a runed translucent gate.
  3445 | D:3      | Reached skill level 7 in Necromancy
  3542 | D:3      | Found Domew's Distillery.
  3848 | D:4      | Reached skill level 1 in Fighting
  3849 | D:4      | Reached XP level 6. HP: 44/51 MP: 0/9
  3957 | D:4      | Found a runed translucent door.
  3959 | D:4      | Noticed noodleboyJ's ghost (novice DrHu)
  4170 | D:4      | Identified the +1 helmet of the Unbroken {Harm rCorr Dex+2}
  4388 | D:4      | Found a stormy altar of Qazlal.
  4742 | D:3      | Bought a steaming hand axe for 200 gold pieces
  4742 | D:3      | Identified the +6 hand axe "Jelly's Bane" {flame, Dex+4}
                  | (You bought it in a shop on level 3 of the Dungeon)
  4831 | D:5      | Entered Level 5 of the Dungeon
  4914 | D:5      | You fall into a shaft and drop 1 floor!
  4914 | D:6      | Found a staircase to the Ecumenical Temple.
  4919 | D:6      | Noticed Prince Ribbit
  4923 | Temple   | Entered the Ecumenical Temple
  4929 | Temple   | Reached skill level 1 in Axes
  4961 | Temple   | Killed Prince Ribbit
  4962 | Temple   | Reached XP level 7. HP: 47/57 MP: 1/10
  5063 | D:6      | Reached skill level 8 in Necromancy
  5250 | D:6      | Reached skill level 5 in Axes
  5459 | D:5      | Found a runed translucent door.
  5459 | D:5      | Noticed FizzleBang's ghost (novice GnWn)
  5472 | D:5      | Reached skill level 1 in Evocations
  5472 | D:5      | Reached XP level 8. HP: 56/64 MP: 1/11
  6146 | D:5      | Reached skill level 9 in Necromancy
  6420 | D:5      | Found a sacrificial altar of Ru.
  6432 | D:5      | Found an ancient bone altar of Kikubaaqudgha.
  6779 | D:6      | Found a glowing silver altar of Zin.
  6779 | D:6      | Found a white marble altar of Elyvilon.
  6790 | D:6      | Found a glowing golden altar of the Shining One.
  6846 | D:6      | Noticed Edmund
  6862 | D:6      | Killed Edmund
  6863 | D:6      | Reached skill level 5 in Evocations
  7077 | D:6      | Found a radiant altar of Vehumet.
  7231 | Temple   | Became a worshipper of Makhleb the Destroyer
  7390 | D:7      | Noticed a troll
  7400 | D:7      | Slain by a troll

Illustrated notes

Levels and vault maps discovered:
D:1:      dpeg_arrival_windows_large_door, layout_rooms, chequers_jeans,
          chequers_serial_rivers_large_b, kennysheep_flooded_box,
          minmay_hexomino_c4
D:2:      layout_loops_corners, chequers_ecumenical_altar_simple_redux,
          corexii_corridor_pit, kennysheep_big_empty_room
D:3:      layout_loops_ring, gammafunk_ghost_icy, serial_shops,
          nicolae_shop_behind_doors, shop_statue, nicolae_shop_waterfront
D:4:      layout_basic, nicolae_overflow_crystal_walls, gammafunk_ghost_grave,
          serial_bayou_pond_e
D:5:      layout_loops_ring, amethyst_overflow_temple_binary,
          hellmonk_ghost_happy_afterlife, uniq_edmund
D:6:      layout_basic, good_gods_mini_temple, vehumet_altar_wand_db,
          minmay_temple_entry_mini_moons, chequers_garden, uniq_prince_ribbit1
D:7:      layout_loops_corners, lemuel_doored_altar, uniq_harold, uniq_pikel
Temple:   nicolae_temple_figure_zero

Skill      XL: |  1  2  3  4  5  6  7  8 |
---------------+-------------------------+-----
Spellcasting   | 2 |  2.0
Necromancy     | 5 6 7 8 9 |  9.6
Stealth        | 3 |  3.0
Dodging        | 3 |  3.0
Fighting       | 1 |  1.0
Axes           | 3 5 7 |  7.2
Evocations     | 1 5 |  5.1

Action                   |  1- 3 |  4- 6 |  7- 9 || total
-------------------------+-------+-------+-------++-------
Melee: Dagger            |    74 |    26 |       ||   100
       Whip              |       |    87 |       ||    87
       Hand axe          |       |    12 |    77 ||    89
 Cast: Pain              |    44 |    33 |       ||    77
       Vampiric Draining |     7 |    29 |    43 ||    79
 Abil: Heal Wounds       |       |       |     4 ||     4
Evoke: Wand              |       |       |     5 ||     5
  Use: Potion            |     2 |       |       ||     2
       Scroll            |       |       |     5 ||     5
 Stab: Sleeping          |       |     1 |     1 ||     2
Armor: Robe              |     8 |       |       ||     8
       Leather armour    |    23 |    15 |       ||    38
       Ring mail         |       |    23 |    30 ||    53
Dodge: Dodged            |    41 |   113 |    70 ||   224

Table legend: (Time is in decaauts)
 A = Elapsed time spent in this place.
 B = Non-inter-level travel time spent in this place.
 C = Inter-level travel time spent in this place.
 D = Time resting spent in this place.
 E = Time spent auto-exploring this place.
 F = Levels seen in this place.
 G = Mean time per level.
                   A        B        C        D        E       F      G
               +--------+--------+--------+--------+--------+-----+--------+
         Total |   7469 |   7046 |    423 |   2315 |   3042 |   8 |  933.6 |
       Dungeon |   7205 |   6791 |    414 |   2245 |   2932 |   7 | 1029.3 |
        Temple |    263 |    254 |      9 |     70 |    110 |   1 |  263.0 |
               +--------+--------+--------+--------+--------+-----+--------+

Top non-repeatable levels by time:
     D:2: 1799 daAuts
     D:3: 1328 daAuts
     D:5: 1325 daAuts
     D:1: 894 daAuts
     D:4: 870 daAuts
     D:6: 866 daAuts
  Temple: 263 daAuts
     D:7: 120 daAuts
